Map: [ESL] Cosmic Sapphire

Players

Nice - Winner!

  • Race: Protoss Protoss
  • League: Diamond
  • Spawn Location: 11:00

PtitDrogo

  • Race: Protoss Protoss
  • Spawn Location: 5:00

Event: HomeStory Cup XXII

VOD

Have the link to the VOD?

Description

Time

  • Played on: Dec. 15, 2022, 7:37 a.m.
  • Length: 10:08

All games in this series

Show
View Real Time Build Order
Export as new Build Order

Nice Protoss - Winner!

Build Orders:  

Get SALT Encoding   

  12  0:00  Probe  
  13  0:12  Probe  
  14  0:17  Pylon  
  14  0:24  Probe (Chrono Boost)  
  16  0:37  Probe (Chrono Boost)  
  16  0:38  Gateway  
  16  0:41  Probe (Chrono Boost)  
  16  0:45  Assimilator  
  17  0:51  Assimilator  
  17  0:53  Probe (Chrono Boost)  
  18  1:06  Probe (Chrono Boost), Gateway  
  19  1:14  Probe (Chrono Boost)  
  20  1:20  Probe  
  20  1:25  Cybernetics Core  
  21  1:32  Probe  
  22  1:36  Pylon  
  22  1:44  Probe  
  23  1:56  Probe  
  23  1:58  Warp Gate (Chrono Boost)  
  23  2:01  Stalker x2  
  28  2:14  Pylon  
  28  2:15  Pylon  
  28  2:26  Pylon  
  28  2:32  Stalker  
  28  2:34  Stalker  
  32  2:42  Gateway  
  32  3:06  Nexus  
  32  3:13  Probe  
  33  3:25  Probe  
  34  3:36  Adept x2  
  34  3:37  Adept, Probe  
  41  3:50  Probe  
  41  3:52  Twilight Council  
  42  4:02  Probe  
  41  4:15  Probe (Chrono Boost)  
  38  4:19  Probe (Chrono Boost)  
  37  4:26  Probe (Chrono Boost)  
  37  4:27  Blink (Chrono Boost)  
  37  4:28  Probe (Chrono Boost)  
  39  4:32  Probe (Chrono Boost)  
  39  4:33  Probe (Chrono Boost)  
  41  4:38  Sentry x3  
  47  4:46  Nexus  
  47  4:50  Probe, Pylon  
  48  5:07  Stalker  
  48  5:08  Stalker x2  
  48  5:10  Probe x2  
  48  5:14  Shield Battery  
  54  5:22  Probe  
  54  5:27  Probe  
  56  5:32  Stalker x3  
  62  5:37  Robotics Facility  
  62  5:46  Assimilator, Pylon  
  62  5:49  Pylon  
  62  5:57  Probe x2 (Chrono Boost)  
  62  6:00  Forge  
  64  6:06  Stalker  
  64  6:08  Stalker  
  64  6:09  Probe x2 (Chrono Boost)  
  64  6:10  Probe (Chrono Boost), Stalker  
  73  6:16  Probe x2 (Chrono Boost)  
  73  6:18  Probe (Chrono Boost)  
  76  6:21  Pylon  
  76  6:24  Probe  
  78  6:27  Pylon  
  76  6:33  Pylon x2  
  76  6:38  Stalker  
  78  6:42  Observer (Chrono Boost), Probe x2  
  78  6:53  Stalker  
  76  7:00  Probe x2  
  79  7:01  Observer (Chrono Boost)  
  79  7:04  Dark Shrine  
  79  7:08  Assimilator  
  79  7:14  Probe x2  
  80  7:18  Warp Prism (Chrono Boost), Probe  
  83  7:25  Protoss Ground Weapons Level 1 (Chrono Boost)  
  83  7:26  Probe x2  
  83  7:29  Observer  
  85  7:30  Probe  
  85  7:31  Shield Battery  
  85  7:35  Stalker  
  88  7:38  Probe x2  
  88  7:40  Pylon  
  88  7:42  Stalker  
  88  7:43  Stalker  
  94  7:45  Probe  
  94  7:49  Photon Cannon  
  95  7:54  Probe x2  
  95  7:57  Probe  
  95  7:58  Gateway  
  98  7:59  Charge  
  98  8:08  Stalker x3  
  98  8:12  Probe  
  103  8:16  Gateway  
  103  8:17  Gateway  
  103  8:21  Probe x2  
  103  8:22  Assimilator  
  106  8:30  Pylon  
  106  8:32  Observer, Dark Templar  
  108  8:34  Dark Templar  
  108  8:44  Probe  
  108  8:45  Probe  
  109  8:48  Probe  
  107  8:55  Nexus  
  107  8:57  Probe x2  
  107  9:00  Stalker x2  
  107  9:01  Probe  
  113  9:09  Probe x2  
  113  9:11  Stalker x2  
  113  9:14  Gateway x2  
  117  9:23  Photon Cannon  
  117  9:35  Shield Battery, Photon Cannon  
  117  9:37  Pylon  
  117  9:39  Pylon  
  117  9:40  Pylon  
  117  9:41  Photon Cannon  
  115  9:53  Stalker  
  117  10:02  Stalker x3  
Show
View Real Time Build Order
Export as new Build Order

PtitDrogo Protoss 

Build Orders: Phoenix Opening 

Get SALT Encoding   

  12  0:00  Probe  
  13  0:12  Probe  
  14  0:17  Pylon  
  14  0:24  Probe (Chrono Boost)  
  15  0:36  Gateway, Probe (Chrono Boost)  
  16  0:44  Probe (Chrono Boost)  
  16  0:46  Assimilator  
  17  0:51  Probe  
  17  0:55  Assimilator  
  18  1:03  Probe (Chrono Boost)  
  19  1:07  Gateway  
  19  1:12  Probe (Chrono Boost)  
  19  1:17  Probe (Chrono Boost)  
  20  1:24  Cybernetics Core  
  21  1:29  Probe  
  22  1:35  Pylon  
  22  1:41  Probe  
  23  1:54  Probe  
  23  1:58  Warp Gate (Chrono Boost)  
  23  2:01  Sentry, Stalker  
  28  2:10  Pylon  
  28  2:27  Stalker  
  30  2:31  Stalker  
  30  2:35  Phoenix  
  31  2:46  Nexus  
  31  2:49  Probe  
  32  2:56  Pylon  
  32  3:05  Sentry x2  
  36  3:06  Probe  
  37  3:18  Probe  
  38  3:27  Shield Battery  
  38  3:30  Twilight Council  
  39  3:34  Shield Battery  
  39  3:40  Stalker  
  40  3:44  Stalker  
  42  3:49  Probe  
  43  4:01  Probe (Chrono Boost)  
  42  4:05  Probe (Chrono Boost)  
  39  4:13  Probe (Chrono Boost)  
  39  4:19  Probe (Chrono Boost)  
  40  4:25  Probe x2 (Chrono Boost), Stalker  
  44  4:36  Probe x2  
  46  4:41  Dark Shrine  
  46  4:48  Probe (Chrono Boost)  
  46  4:49  Phoenix  
  48  4:54  Probe (Chrono Boost)  
  48  4:57  Probe (Chrono Boost)  
  49  5:01  Probe (Chrono Boost)  
  49  5:03  Probe (Chrono Boost)  
  51  5:12  Probe (Chrono Boost), Pylon  
  52  5:19  Stalker  
  52  5:20  Probe (Chrono Boost)  
  56  5:21  Probe (Chrono Boost)  
  56  5:27  Probe x2  
  53  5:31  Pylon  
  54  5:37  Gateway  
  54  5:39  Probe x2, Assimilator  
  56  5:46  Gateway  
  56  5:47  Gateway  
  56  5:51  Probe x2  
  56  5:55  Dark Templar  
  60  5:57  Dark Templar  
  60  6:03  Probe x2  
  64  6:08  Blink (Chrono Boost)  
  64  6:09  Pylon  
  64  6:15  Probe  
  64  6:16  Probe  
  66  6:21  Dark Templar  
  68  6:39  Probe  
  68  6:46  Probe  
  69  6:52  Probe  
  70  6:58  Probe  
  70  6:59  Nexus  
  69  7:01  Pylon  
  69  7:03  Stalker x3  
  69  7:05  Probe  
  76  7:10  Probe  
  76  7:13  Pylon  
  76  7:14  Forge  
  77  7:17  Probe  
  77  7:22  Probe  
  79  7:24  Shield Battery  
  79  7:26  Shield Battery  
  79  7:28  Pylon  
  79  7:29  Probe (Chrono Boost)  
  80  7:32  Stalker x4  
  80  7:35  Probe (Chrono Boost)  
  89  7:41  Probe (Chrono Boost)  
  90  7:45  Probe (Chrono Boost)  
  90  7:49  Robotics Facility  
  90  7:50  Probe (Chrono Boost)  
  91  7:51  Probe  
  93  8:00  Nexus  
  93  8:03  Pylon  
  93  8:13  Probe  
  93  8:17  Probe  
  93  8:19  Assimilator  
  95  8:24  Stalker x4  
  95  8:26  Stalker  
  105  8:47  Stalker x4  
  111  8:52  Dark Templar  
  111  8:55  Observer (Chrono Boost)  
  108  9:02  Gateway  
  105  9:03  Photon Cannon  
  105  9:05  Gateway, Probe  
  106  9:10  Probe  
  106  9:11  Probe  
  106  9:13  Probe  
  106  9:16  Shield Battery  
  109  9:17  Forge, Probe  
  106  9:31  Probe  
  106  9:32  Probe  
  106  9:34  Observer (Chrono Boost)  
  106  9:36  Probe  
  110  9:39  Stalker x2  
  110  9:40  Stalker x3  
  120  9:46  Pylon  
  117  9:54  Probe, Pylon  
Tags
 
Add a new tag
Caveats
  • Supply blocks, unpowered buildings, or Contaminate may cause inaccurate times.
  • Supply counts are checked every 10 seconds.